BR (22 & UNDER)
LONG BEACH KO @ PITTSBURGH KILLA BEEZ
07/22/2030
 
TOP OF THE 1ST
Long Beach KO batting - Pitching for Pittsburgh Killa Beez : LHP Augusto Morgado
Pitching: LHP Augusto Morgado
Batting: SHB Honorato Díaz 0-0: Ball
1-0: Ball
2-0: Foul Ball, location: 2F
2-1: Ball
3-1: Foul Ball, location: 2F
3-2: Strikes out swinging
Batting: RHB Cristián Romano 0-0: Ball
1-0: Ball
2-0: Fly out, F7 (Flyball, 7)
Batting: RHB Bartolo Guzmán 0-0: Ball
1-0: Ball
2-0: Fly out, F7 (Flyball, 78M)
Top of the 1st over - 0 runs, 0 hits, 0 errors, 0 left on base; Long Beach 0 - Pittsburgh 0
BOTTOM OF THE 1ST
Pittsburgh Killa Beez batting - Pitching for Long Beach KO : RHP Jofet Malveiro
Pitching: RHP Jofet Malveiro
Batting: RHB Bo Long 0-0: Ball
1-0: Called Strike
1-1: Ball
2-1: Foul Ball, location: 2F
2-2: Ball
3-2: Strikes out swinging
Batting: RHB Víctor Ochoa 0-0: Ball
1-0: Foul Ball, location: 2F
1-1: Foul Ball, location: 2F
1-2: Ground out U3 (Groundball, 3)
Batting: LHB Brian Lawson 0-0: Foul Ball, location: 2F
0-1: Ball
1-1: Ball
2-1: Ground out 4-3 (Groundball, 4)
Bottom of the 1st over - 0 runs, 0 hits, 0 errors, 0 left on base; Long Beach 0 - Pittsburgh 0
TOP OF THE 2ND
Long Beach KO batting - Pitching for Pittsburgh Killa Beez : LHP Augusto Morgado
Batting: RHB Ralph Petit 0-0: Called Strike
0-1: Ball
1-1: Ground out 6-3 (Groundball, 6)
Batting: RHB Rodrigo Flores 0-0: Called Strike
0-1: Hit by Pitch
Batting: LHB Roberto Flores 0-0: SINGLE (Groundball, 34D)
Rodrigo Flores to second
Runner from 2nd tries for 3rd, SAFE, no throw
Batting: RHB Kenny Canady 0-0: Fly out, F8 (Flyball, 8RD)
Runner from 3rd tags up, SCORES, throw made
Batting: RHB Gianmaria Pianta 0-0: Called Strike
0-1: Ball
1-1: Foul Ball, location: 2F
1-2: Foul Ball, location: 2F
1-2: Fly out, F8 (Flyball, 89D)
Top of the 2nd over - 1 run, 1 hit, 0 errors, 1 left on base; Long Beach 1 - Pittsburgh 0
BOTTOM OF THE 2ND
Pittsburgh Killa Beez batting - Pitching for Long Beach KO : RHP Jofet Malveiro
Batting: LHB Argaw Mwita 0-0: Called Strike
0-1: Ground out U3 (Groundball, 3)
Batting: RHB Inês Kappes 0-0: Ball
1-0: Called Strike
1-1: SINGLE (Groundball, 56D)
Batting: RHB Darrell Krieger 0-0: Called Strike
0-1: Ball
1-1: Ball
2-1: Foul Ball, location: 2F
2-2: Foul Ball, location: 2F
2-2: Grounds into double play, 4-6-3 (Groundball, 4)
Bottom of the 2nd over - 0 runs, 1 hit, 0 errors, 0 left on base; Long Beach 1 - Pittsburgh 0
TOP OF THE 3RD
Long Beach KO batting - Pitching for Pittsburgh Killa Beez : LHP Augusto Morgado
Batting: RHB Eduardo Collazo 0-0: Ball
1-0: Called Strike
1-1: Ball
2-1: SINGLE (Flyball, 89M)
Batting: SHB Honorato Díaz 0-0: Ball
1-0: Called Strike
1-1: Ball
2-1: Foul Ball, location: 2F
2-2: Ball
3-2: Strikes out swinging
Batting: RHB Cristián Romano 0-0: Ball
1-0: Called Strike
1-1: Called Strike
Eduardo Collazo is caught stealing 2nd base
1-2: Foul Ball, location: 2F
1-2: SINGLE (Line Drive, 89S)
Batting: RHB Bartolo Guzmán 0-0: Called Strike
0-1: Fly out, F9 (Flyball, 89S)
Top of the 3rd over - 0 runs, 2 hits, 0 errors, 1 left on base; Long Beach 1 - Pittsburgh 0
BOTTOM OF THE 3RD
Pittsburgh Killa Beez batting - Pitching for Long Beach KO : RHP Jofet Malveiro
Batting: LHB José Cantú 0-0: Called Strike
0-1: Ball
1-1: SINGLE (Groundball, 6MD)
Batting: RHB Mario Macías 0-0: Fly out, F7 (Line Drive, 7)
Batting: SHB Manuel Cabrera 0-0: SINGLE (Groundball, 4MD)
José Cantú to second
Batting: RHB Bo Long 0-0: SINGLE (Line Drive, 4M)
José Cantú to third
Manuel Cabrera to second
Batting: RHB Víctor Ochoa 0-0: Called Strike
0-1: TRIPLE (Line Drive, 8LXD)
José Cantú scores
Manuel Cabrera scores
Bo Long scores
Batting: LHB Brian Lawson 0-0: SINGLE (Groundball, 34S) (infield hit)
Víctor Ochoa scores
Batting: LHB Argaw Mwita 0-0: Ball
1-0: Ball
Passed Ball!
Brian Lawson to second
2-0: Called Strike
2-1: Ball
3-1: Foul Ball, location: 2F
3-2: Base on Balls
Batting: RHB Inês Kappes 0-0: Grounds into double play, 6-4-3 (Groundball, 6)
Bottom of the 3rd over - 4 runs, 5 hits, 0 errors, 1 left on base; Long Beach 1 - Pittsburgh 4
TOP OF THE 4TH
Long Beach KO batting - Pitching for Pittsburgh Killa Beez : LHP Augusto Morgado
Batting: RHB Ralph Petit 0-0: Ball
1-0: Foul Ball, location: 2F
1-1: DOUBLE (Line Drive, 78D)
Batting: RHB Rodrigo Flores 0-0: Called Strike
0-1: Ball
1-1: Foul Ball, location: 2F
1-2: Strikes out looking
Batting: LHB Roberto Flores 0-0: SINGLE (Line Drive, 56D)
Ralph Petit to third
Runner from 3rd tries for Home, SAFE, no throw
Batting: RHB Kenny Canady 0-0: Ball
1-0: Ball
2-0: Fielders Choice at 2nd, 6-4 (Groundball, 6)
Batting: RHB Gianmaria Pianta 0-0: Ball
1-0: Ball
2-0: Fly out, F8 (Flyball, 8LS)
Top of the 4th over - 1 run, 2 hits, 0 errors, 1 left on base; Long Beach 2 - Pittsburgh 4
BOTTOM OF THE 4TH
Pittsburgh Killa Beez batting - Pitching for Long Beach KO : RHP Jofet Malveiro
Batting: RHB Darrell Krieger 0-0: Called Strike
0-1: Ground out 5-3 (Groundball, 56)
Batting: LHB José Cantú 0-0: Foul Ball, location: 2F
0-1: Ball
1-1: SINGLE (Groundball, 34D)
Batting: RHB Mario Macías 0-0: Ball
1-0: Called Strike
1-1: Ball
2-1: Called Strike
2-2: Fly out, F9 (Line Drive, 9)
Batting: SHB Manuel Cabrera 0-0: Fielders Choice at 2nd, 6-4 (Groundball, 6)
Bottom of the 4th over - 0 runs, 1 hit, 0 errors, 1 left on base; Long Beach 2 - Pittsburgh 4
TOP OF THE 5TH
Long Beach KO batting - Pitching for Pittsburgh Killa Beez : LHP Augusto Morgado
Batting: RHB Eduardo Collazo 0-0: Ball
1-0: Called Strike
1-1: Ground out 6-3 (Groundball, 6)
Batting: SHB Honorato Díaz 0-0: Ball
1-0: Foul Ball, location: 2F
1-1: Swinging Strike
1-2: Ball
2-2: Strikes out swinging
Batting: RHB Cristián Romano 0-0: Called Strike
0-1: DOUBLE (Line Drive, 9LM)
Batting: RHB Bartolo Guzmán 0-0: Ground out 5-3 (Groundball, 56S)
Top of the 5th over - 0 runs, 1 hit, 0 errors, 1 left on base; Long Beach 2 - Pittsburgh 4
BOTTOM OF THE 5TH
Pittsburgh Killa Beez batting - Pitching for Long Beach KO : RHP Jofet Malveiro
Batting: RHB Bo Long 0-0: Called Strike
0-1: Ball
1-1: Called Strike
1-2: Fly out, F9 (Flyball, 9LM)
Batting: RHB Víctor Ochoa 0-0: Ball
1-0: Foul Ball, location: 2F
1-1: Foul Ball, location: 2F
1-2: Foul Ball, location: 2F
1-2: Ball
2-2: SINGLE (Flyball, 78M)
Batting: LHB Brian Lawson 0-0: Called Strike
0-1: Ball
1-1: SINGLE (Line Drive, 7LS)
Víctor Ochoa to second
Batting: LHB Argaw Mwita 0-0: Ball
1-0: Swinging Strike
1-1: SINGLE (Groundball, 34D)
Víctor Ochoa to third
Brian Lawson to second
Batting: RHB Inês Kappes 0-0: Ball
1-0: Fly out, F9 (Flyball, 89S)
Batting: RHB Darrell Krieger 0-0: Ball
1-0: Foul Ball, location: 2F
1-1: Fly out, F8 (Flyball, 78D)
Bottom of the 5th over - 0 runs, 3 hits, 0 errors, 3 left on base; Long Beach 2 - Pittsburgh 4
TOP OF THE 6TH
Long Beach KO batting - Pitching for Pittsburgh Killa Beez : LHP Augusto Morgado
Batting: RHB Ralph Petit 0-0: Ball
1-0: Ball
2-0: DOUBLE (Line Drive, 78D)
Batting: RHB Rodrigo Flores 0-0: Ball
1-0: Swinging Strike
1-1: Called Strike
1-2: Ball
2-2: Foul Ball, location: 2F
2-2: Ball
3-2: Base on Balls
Batting: LHB Roberto Flores 0-0: Ball
1-0: Called Strike
1-1: Grounds into double play, 4-6-3 (Groundball, 4)
Ralph Petit to third
Batting: RHB Kenny Canady 0-0: Foul Ball, location: 2F
0-1: Ball
1-1: Swinging Strike
1-2: Ball
2-2: Foul Ball, location: 2F
2-2: Strikes out swinging
Top of the 6th over - 0 runs, 1 hit, 0 errors, 1 left on base; Long Beach 2 - Pittsburgh 4
BOTTOM OF THE 6TH
Pittsburgh Killa Beez batting - Pitching for Long Beach KO : RHP Jofet Malveiro
Batting: LHB José Cantú 0-0: Called Strike
0-1: Ball
1-1: Called Strike
1-2: Fly out, F4 (Popup, 4)
Batting: RHB Mario Macías 0-0: Foul Ball, location: 2F
0-1: Ground out 6-3 (Groundball, 6)
Batting: SHB Manuel Cabrera 0-0: Fly out, F7 (Flyball, 78S)
Bottom of the 6th over - 0 runs, 0 hits, 0 errors, 0 left on base; Long Beach 2 - Pittsburgh 4
TOP OF THE 7TH
Long Beach KO batting - Pitching for Pittsburgh Killa Beez : LHP Augusto Morgado
Batting: RHB Gianmaria Pianta 0-0: Called Strike
0-1: Swinging Strike
0-2: Ball
1-2: Ground out 5-3 (Groundball, 56)
Batting: RHB Eduardo Collazo 0-0: Called Strike
0-1: Foul Ball, location: 2F
0-2: Ball
1-2: Ball
2-2: Fly out, F7 (Flyball, 78D)
Batting: SHB Honorato Díaz 0-0: Ball
1-0: Foul Ball, location: 2F
1-1: Fly out, F4 (Line Drive, 4)
Top of the 7th over - 0 runs, 0 hits, 0 errors, 0 left on base; Long Beach 2 - Pittsburgh 4
BOTTOM OF THE 7TH
Pittsburgh Killa Beez batting - Pitching for Long Beach KO : RHP Jofet Malveiro
Batting: RHB Bo Long 0-0: Called Strike
0-1: Ground out 1-3 (Groundball, 13S)
Batting: RHB Víctor Ochoa 0-0: Called Strike
0-1: SINGLE (Line Drive, 7LS)
Batting: LHB Brian Lawson 0-0: Ball
1-0: Foul Ball, location: 2F
1-1: Foul Ball, location: 2F
1-2: Foul Ball, location: 2F
1-2: SINGLE (Groundball, 6MD)
Víctor Ochoa to second
Runner from 2nd tries for 3rd, SAFE, throw made to third
Batting: LHB Argaw Mwita 0-0: Ball
1-0: Swinging Strike
1-1: SINGLE (Groundball, 4D)
Víctor Ochoa scores
Brian Lawson to second
Pitching: LHP Chiah-jen Chen
Batting: RHB Inês Kappes 0-0: Foul Ball, location: 2F
0-1: Grounds into double play, 6-4-3 (Groundball, 6)
Bottom of the 7th over - 1 run, 3 hits, 0 errors, 1 left on base; Long Beach 2 - Pittsburgh 5
TOP OF THE 8TH
Long Beach KO batting - Pitching for Pittsburgh Killa Beez : LHP Augusto Morgado
Batting: RHB Cristián Romano 0-0: Ball
1-0: Called Strike
1-1: Ball
2-1: Foul Ball, location: 2F
2-2: Ground out 6-3 (Groundball, 6)
Batting: RHB Bartolo Guzmán 0-0: Fly out, F7 (Flyball, 7)
Batting: RHB Ralph Petit 0-0: Ball
1-0: Called Strike
1-1: Ground out 4-3 (Groundball, 4)
Top of the 8th over - 0 runs, 0 hits, 0 errors, 0 left on base; Long Beach 2 - Pittsburgh 5
BOTTOM OF THE 8TH
Pittsburgh Killa Beez batting - Pitching for Long Beach KO : LHP Chiah-jen Chen
Batting: RHB Darrell Krieger 0-0: Called Strike
0-1: Fly out, F7 (Line Drive, 78D)
Batting: LHB José Cantú 0-0: Ball
1-0: Ball
2-0: Ball
3-0: Called Strike
3-1: Foul Ball, location: 2F
3-2: Strikes out swinging
Batting: RHB Mario Macías 0-0: Foul Ball, location: 2F
0-1: Ball
1-1: SINGLE (Groundball, 5D)
Batting: SHB Manuel Cabrera 0-0: Swinging Strike
0-1: Ball
1-1: Called Strike
1-2: Ball
2-2: Ball
3-2: Foul Ball, location: 2F
3-2: SINGLE (Groundball, 6MD)
Mario Macías to second
Mario Macías to third
Batting: RHB Bo Long 0-0: Ball
1-0: Ball
2-0: Called Strike
2-1: Fielders Choice at 2nd, 6-4 (Groundball, 6)
Bottom of the 8th over - 0 runs, 2 hits, 0 errors, 2 left on base; Long Beach 2 - Pittsburgh 5
TOP OF THE 9TH
Long Beach KO batting - Pitching for Pittsburgh Killa Beez : LHP Augusto Morgado
Pitching: LHP Juan Castillo
Batting: RHB Rodrigo Flores 0-0: Ball
1-0: Called Strike
1-1: Called Strike
1-2: Foul Ball, location: 2F
1-2: Ball
2-2: Ball
3-2: Base on Balls
Batting: LHB Roberto Flores 0-0: Ball
1-0: Called Strike
1-1: Ball
2-1: Ball
3-1: Grounds into double play, 4-6-3 (Groundball, 4)
Batting: RHB Kenny Canady 0-0: Fly out, F8 (Flyball, 89D)
Top of the 9th over - 0 runs, 0 hits, 0 errors, 0 left on base; Long Beach 2 - Pittsburgh 5
Saturday, April 7th, 2018 - OOTP Baseball 18.8 Build 76